[Event "Early-Titled-Tuesday-Blitz-February-06-2024"]
[Site "Chess.com"]
[Date "2024.02.06"]
[Round "10"]
[White "Vaathi_Coming"]
[Black "Willhaven3"]
[Result "1-0"]
[WhiteElo "2914"]
[BlackElo "2624"]
[TimeControl "180+1"]
[EndTime "9:57:30 PST"]
[Termination "Vaathi_Coming won by resignation"]

1. b3 d5 2. Bb2 Bg4 3. Nf3 Nd7 4. c4 c6 5. cxd5 cxd5 6. e3 Ngf6 7.
Be2 e6 8. O-O Bd6 9. Nc3 a6 10.
Rc1 O-O 11. Nd4 Bxe2 12. Ncxe2 Rc8 13. Rxc8 Qxc8 14. f4 Qc7 15. Ng3 Rc8 16. Qb1 Qa5 17. Rc1 Rc5 18. Bc3 Qb6 19. h3 Rc8 20. Kh2 h5 21.
Qb2 Qd8 22. Nf3 Qf8 23. Qb1 Ba3 24. Bb2 Bxb2 25. Qxb2 Qd8 26. Qa3 Rxc1 27. Qxc1 g6 28. Qc3 Ne8 29. Qb4 Nb6 30. Ne5 Nd6 31. Ne2 Nbc8 32.
Nd4 Qc7 33. d3 a5 34. Qe1 b6 35. Qg3 Ne7 36. Qg5 Nef5 37. Nxf5 exf5 38. Qf6 Ne8 39. Qh4 Qd6 40. Qg3 Qe6 41. Nf3 Nf6 42. Qf2 Qd6 43. Ne5 Qe6 44. Qb2 Nd7 45. Qc3 Nc5 46. Qd4 Kh7 47.
Nf3 Kg8 48. Ng5 Qd6 49. Qh8+ Kxh8 50. Nxf7+ Kg7 51. Nxd6 Nxd3 52. Nc8 Nc1 53. Nxb6 Nxa2 54. Nxd5 Nc1 55. b4 a4 56. b5 Nd3 57. b6 Nc5 58.
Nc3 a3 59. Kg1 Kf6 60. Kf1 Ke6 61. Ke2 Kd7 62. Kd2 Ne4+ 63. Kc2 Nxc3 64. Kxc3 Kc6 65.
Kb3 Kxb6 66. Kxa3 Kc5 67. Kb3 Kd5 68. Kc3 Ke4 69. Kd2 Kd5 70. Kd3 Kc5 71. e4 fxe4+ 72. Kxe4 Kd6 73. f5 g5 74. g4 h4 75. f6 Ke6 76. f7 Kxf7 77. Kf5 Kg7 78. Kxg5 1-0

[Event "Early-Titled-Tuesday-Blitz-February-06-2024"]
[Site "Chess.com"]
[Date "2024.02.06"]
[Round "10"]
[White "Polish_fighter3000"]
[Black "mitrabhaa"]
[Result "0-1"]
[WhiteElo "3047"]
[BlackElo "2930"]
[TimeControl "180+1"]
[EndTime "9:57:35 PST"]
[Termination "mitrabhaa won on time"]

1. b3 d5 2. Bb2 Bg4 3. f3 Bh5 4. h4 f6 5. Nh3 e5 6. d4 exd4 7. Qxd4 Bf7 8. e3 Nd7 9. Nc3 c6 10. O-O-O Bc5 11. Qd2 Ne7 12. Nf4 Nf5 13. Re1 O-O 14.
Bd3 Nd6 15. Na4 Re8 16. g4 Bb6 17. Nxb6 axb6 18. Kb1 Ne5 19. Be2 Qe7 20. g5 f5 21.
h5 Qxg5 22. Rhg1 Qh6 23. Rg2 Re7 24. Reg1 Ne8 25. Bd3 Qf6 26. Qf2 c5 27. Bb5 Rd8 28. Nd3 Nxd3 29. Bxd3 d4 30. exd4 cxd4 31. Rg5 Be6 32.
Qd2 Nc7 33. Qb4 Bc8 34. a4 Na6 35. Qc4+ Be6 36. Qb5 Bd7 37. Qc4+ Be6 38. Rxf5 Qxf5 39. Bxf5 Bxc4 40. bxc4 Nc5 41. Ba3 Re5 42. Be4 Nxe4 43. fxe4 Rxe4 44. h6 g6 45. Rf1 Re5 46. Rf6 Ra5 47.
Kb2 Rxa4 48. Kb3 Ra6 49. Be7 Re8 50. Bd6 Ra5 51. Bb4 Rh5 52. Rxb6 Rxh6 53. Rxb7 g5 54. c5 g4 55. Rb6 Rg6 56. c6 g3 57. Bc5 Rc8 58.
Bxd4 Rgxc6 59. Rb5 Rg6 60. Re5 g2 61. Re1 Rd8 62.
Bg1 Rf8 63. Bd4 Rf3+ 64. c3 Rf1 65. Re8+ Kf7 66. Rh8 g1=Q 67. Bxg1 Rfxg1 68. Rxh7+ Ke6 69. Ra7 Kd5 70. Ra5+ Ke4 71. Rc5 R1g5 72. Rc8 Rd5 73. Kc4 Rdd6 74. Kc5 Rde6 75. c4 Kd3 76. Kb5 Rb6+ 77.
Ka5 Ra6+ 78. Kb5 Rgb6+ 79. Kc5 Kc3 80. Kd5 Rd6+ 81. Kc5 Rh6 82. Kb5 Ra1 83. c5 Rb1+ 84. Ka5 Kc4 85. c6 Rh2 0-1

[Event "Early-Titled-Tuesday-Blitz-February-06-2024"]
[Site "Chess.com"]
[Date "2024.02.06"]
[Round "10"]
[White "KaterynaLagno"]
[Black "karinachess1"]
[Result "1-0"]
[WhiteElo "2818"]
[BlackElo "2651"]
[TimeControl "180+1"]
[EndTime "9:57:39 PST"]
[Termination "KaterynaLagno won by checkmate"]

1. e4 e5 2. Nf3 Nc6 3. Bb5 Nf6 4. d3 d6 5. O-O g6 6. Re1 Bg7 7. c3 Bd7 8. Nbd2 O-O 9. Nf1 Qe8 10. a4 Kh8 11.
Ne3 Nh5 12. Nd5 Rc8 13. h3 f5 14. exf5 gxf5 15. d4 e4 16. Nh2 a6 17. Be2 Nf6 18.
Nf4 Ne7 19. Nf1 Ng6 20. Ng3 Rg8 21. Nfh5 Nxh5 22. Nxh5 Qf7 23. g3 Bf8 24. Kh2 Re8 25. Be3 d5 26. b3 Bd6 27. Qd2 c6 28. c4 Ref8 29. Nf4 Nxf4 30. Bxf4 Qf6 31. Rad1 Re8 32. c5 Bxf4 33. Qxf4 Re7 34. Bf1 Qg5 35. Re3 Qxf4 36. gxf4 a5 37. Rb1 Ra8 38. b4 axb4 39. Rxb4 Bc8 40.
Be2 Rg7 41. Rg3 Kg8 42. Bh5 Kf8 43. Kg2 Ra7 44. Kf1 Be6 45. Ke1 Bc8 46. Kd2 Be6 47.
Be2 Bc8 48. Kc2 Be6 49. Kb2 Bc8 50. Ka3 Be6 51. Rb1 Bc8 52. Rbg1 Rxg3+ 53. Rxg3 Ra8 54. Kb4 Be6 55. h4 Kf7 56. h5 Kf6 57. h6 Bf7 58. Bd1 Bg6 59. Be2 Ra7 60. Rg1 Ra8 61. Rb1 Ra7 62. Bd1 Ke7 63. Kc3 Kf6 64. Bc2 Ke7 65. Kb4 Kf6 66. Rg1 Ke7 67. Bd1 Kf6 68. Be2 Kf7 69. a5 Kf6 70. Ka4 Kf7 71. Rb1 Kf6 72. Rb6 Be8 73. a6 bxa6 74. Bxa6 Kg6 75. Ka5 Kxh6 76. Rb8 Bg6 77. Kb6 Re7 78. Kxc6 e3 79.
fxe3 Rxe3 80. Kxd5 Re4 81. c6 Bf7+ 82. Kc5 Re1 83.
c7 Rc1+ 84. Kd6 Rd1 85. c8=Q Rxd4+ 86. Ke5 Re4+ 87. Kf6 Bg6 88. Qf8+ Kh5 89. Rb1 Kg4 90. Rg1+ Kxf4 91. Qd6+ Kf3 92. Qg3# 1-0

[Event "Early-Titled-Tuesday-Blitz-February-06-2024"]
[Site "Chess.com"]
[Date "2024.02.06"]
[Round "10"]
[White "topce"]
[Black "anasta10"]
[Result "0-1"]
[WhiteElo "2386"]
[BlackElo "2530"]
[TimeControl "180+1"]
[EndTime "9:58:53 PST"]
[Termination "anasta10 won on time"]

1. c4 Nf6 2. Nc3 c5 3. g3 g6 4. Bg2 Bg7 5. d3 O-O 6. Bf4 Nc6 7. Qd2 d6 8. Bh6 Re8 9. h4 Bh8 10. h5 Be6 11. Nf3 Qd7 12. hxg6 fxg6 13. Ng5 Bf5 14.
e4 Be6 15. Nxe6 Qxe6 16. Bh3 Qf7 17. Nd5 e6 18. Nc3 Nd4 19. O-O-O b5 20. f4 bxc4 21.
dxc4 Nd7 22. e5 dxe5 23. Ne4 exf4 24. Nd6 Qf6 25. Nxe8 Rxe8 26. gxf4 Nb6 27. Bg5 Qg7 28. Bf1 Nf3 29. Qc2 Nxg5 30. fxg5 Qe5 31. Bd3 Rb8 32. Bxg6 Qxg5+ 33. Kb1 hxg6 34. Rhg1 Qf5 35. Rxg6+ Kf8 36. Rh1 Qxc2+ 37. Kxc2 Bd4 38. Rh7 Nxc4 39. b3 Ne5 40. Rxe6 Ng4 41. Ree7 Ne3+ 42. Kd3 Nd5 43. Rxa7 Nf6 44. Rhf7+ Kg8 45. Kc4 Re8 46. Rg7+ Kh8 47.
Rgf7 Ne4 48. Rh7+ Kg8 49. Rhc7 Nd6+ 50. Kd3 Nb5 51. Rcb7 Nxa7 52. Rxa7 Kf8 53. Kc4 Re2 54. a4 Rc2+ 55. Kd5 Rb2 56. Rb7 Ke8 57. a5 Ra2 58. Rb5 Kd7 59. b4 Kc7 60. bxc5 Bc3 61. Kc4 Bxa5 62. Rb3 Be1 63. Rh3 Ra4+ 64. Kd5 Ra5 65. Rh7+ Kc8 66. Kc6 Ra6+ 67. Kb5 Rf6 68. Kc4 Bf2 69. Rh5 Bg3 70. Rd5 Bc7 71. Rh5 Kb7 72. Rd5 Kc6 73. Rh5 Rf4+ 74. Kd3 Ra4 75. Kc3 Ba5+ 76.
Kb3 Rb4+ 77. Kc2 Re4 78. Kd3 Rg4 79. Rh6+ Kxc5 80. Rh5+ Kb4 81. Ke3 Rc4 82. Kf3 Bb6 83. Ke2 Bd4 84. Kd3 Bc5 85. Kd2 Rd4+ 86. Ke2 Kc4 87. Rh7 Rd6 88. Rh4+ Bd4 89. Rh7 Re6+ 90. Kf3 Kd3 91. Kf4 Rf6+ 92. Kg5 Rf1 93. Rb7 Ke4 94. Rb4 Kd5 95. Kg6 Bc5 96. Rb2 Ke6 97. Re2+ Kd7 98.
Rd2+ Bd6 99. Rd3 Ke6 100. Kg5 Be5 101. Kg4 Rf4+ 102. Kh3 Kf5 103. Kg2 Kg4 104. Rd8 Bf6 105. Rg8+ Bg5 106. Rg7 Rb4 107. Kf2 Rb2+ 108. Ke1 Kf5 109. Kd1 Bf6 110. Rg8 Ke4 111. Rf8 Be5 112. Re8 Kf4 113. Kc1 Rg2 114. Kb1 Bd4 115. Kc1 Be5 116. Kd1 Ke4 117. Kc1 Rf2 118. Kb1 Kd5 119. Kc1 Bd4 120. Rd8+ Kc4 121. Rc8+ Kd3 122. Kb1 Rh2 123. Rd8 Rb2+ 124. Kc1 Ra2 0-1

[Event "Early-Titled-Tuesday-Blitz-February-06-2024"]
[Site "Chess.com"]
[Date "2024.02.06"]
[Round "11"]
[White "abhidabhi"]
[Black "FabianoCaruana"]
[Result "0-1"]
[WhiteElo "2922"]
[BlackElo "3055"]
[TimeControl "180+1"]
[EndTime "10:01:22 PST"]
[Termination "FabianoCaruana won by resignation"]

1. e4 c5 2. Nf3 Nc6 3. Nc3 g6 4. d4 cxd4 5. Nxd4 Bg7 6. Nb3 Nf6 7. Bg5 O-O 8. Qd2 d6 9. Be2 Be6 10. O-O Rc8 11. Nd5 Nxe4 12. Qf4 Bxd5 13. c4 Nxg5 14.
cxd5 e5 15. Qe3 Nd4 0-1

[Event "Early-Titled-Tuesday-Blitz-February-06-2024"]
[Site "Chess.com"]
[Date "2024.02.06"]
[Round "11"]
[White "HATilay"]
[Black "ClaudiaSof"]
[Result "1-0"]
[WhiteElo "2514"]
[BlackElo "2294"]
[TimeControl "180+1"]
[EndTime "10:01:45 PST"]
[Termination "HATilay won by resignation"]

1. d4 e6 2. c4 f5 3. Nc3 Nf6 4. g3 Bb4 5. Bd2 O-O 6. Bg2 Nc6 7. Nf3 b6 8. O-O Bb7 9. Qb3 Bxc3 10. Bxc3 Kh8 11. Rad1 d5 12. Ng5 Qd7 13. Nxe6 Na5 14. Nxf8 Rxf8 15. Bxa5 dxc4 16. Qa3 1-0

[Event "Early-Titled-Tuesday-Blitz-February-06-2024"]
[Site "Chess.com"]
[Date "2024.02.06"]
[Round "11"]
[White "AnaKuchava"]
[Black "Cubitas"]
[Result "0-1"]
[WhiteElo "2209"]
[BlackElo "2667"]
[TimeControl "180+1"]
[EndTime "10:01:54 PST"]
[Termination "Cubitas won by resignation"]

1. d4 e5 2. dxe5 d6 3. exd6 Bxd6 4. e3 Nf6 5. Nf3 Nc6 6. Be2 Bg4 7. O-O Qe7 8. Nc3 O-O-O 9. Qe1 h5 10. a3 Ne5 11.
Nxe5 Qxe5 12. f4 Qe7 13. b4 h4 14. Bb2 Qxe3+ 15. Qf2 Bxf4 16. Bxg4+ Nxg4 17. Qxe3 Bxe3+ 18. Kh1 Nf2+ 19. Kg1 Nd3+ 20. Kh1 Nxb2 21. Rae1 Bd2 0-1

[Event "Early-Titled-Tuesday-Blitz-February-06-2024"]
[Site "Chess.com"]
[Date "2024.02.06"]
[Round "11"]
[White "Adar_07"]
[Black "Janosik"]
[Result "1/2-1/2"]
[WhiteElo "2728"]
[BlackElo "2850"]
[TimeControl "180+1"]
[EndTime "10:02:09 PST"]
[Termination "Game drawn by repetition"]

1. e4 c5 2. Nf3 a6 3. c3 d5 4. exd5 Nf6 5. d4 cxd4 6. cxd4 Nxd5 7. Nc3 Nxc3 8. bxc3 Qc7 9. Bd2 g6 10. Bd3 Bg7 11. h4 O-O 12. h5 Nc6 13. hxg6 hxg6 14. Ng5 e5 15. Qb3 Na5 16. Bxg6 Nxb3 17. Bh7+ Kh8 18.
Bc2+ Kg8 19. Bh7+ Kh8 20. Bc2+ Kg8 21. Bh7+ 1/2-1/2

[Event "Early-Titled-Tuesday-Blitz-February-06-2024"]
[Site "Chess.com"]
[Date "2024.02.06"]
[Round "11"]
[White "HanSchut"]
[Black "FMCarmona"]
[Result "1-0"]
[WhiteElo "2260"]
[BlackElo "2134"]
[TimeControl "180+1"]
[EndTime "10:02:12 PST"]
[Termination "HanSchut won by resignation"]

1. e4 e5 2. Nf3 Nc6 3. Bc4 Bc5 4. c3 Nf6 5. d4 exd4 6. b4 Bb6 7. e5 d5 8. exf6 dxc4 9. Qe2+ Be6 10. b5 d3 11.
Qe4 Na5 12. fxg7 Rg8 13. Bg5 Qd5 14. Qxh7 f6 15. Bxf6 Kf7 16. Be5 Bf5 17. Qxf5+ 1-0

[Event "Early-Titled-Tuesday-Blitz-February-06-2024"]
[Site "Chess.com"]
[Date "2024.02.06"]
[Round "11"]
[White "colegiodemadrid"]
[Black "disciplinedbrat"]
[Result "1-0"]
[WhiteElo "2515"]
[BlackElo "2309"]
[TimeControl "180+1"]
[EndTime "10:02:16 PST"]
[Termination "colegiodemadrid won by checkmate"]

1. d4 Nf6 2. Bf4 c5 3. d5 Qb6 4. Bc1 e6 5. c4 Qb4+ 6. Nc3 Qxc4 7. e4 Qb4 8. a3 Qb6 9. e5 Nxd5 10. Nxd5 exd5 11.
Nf3 d4 12. Bc4 h6 13. O-O Be7 14. b4 O-O 15. Qd3 Nc6 16. Qe4 d5 17. Bxd5 cxb4 18.
Bxh6 gxh6 19. Qg6+ Kh8 20. Qxh6+ Kg8 21. Be4 f5 22.
Bd5+ Rf7 23. Qg6+ Kh8 24. Bxf7 Qd8 25. Qh6# 1-0

[Event "Early-Titled-Tuesday-Blitz-February-06-2024"]
[Site "Chess.com"]
[Date "2024.02.06"]
[Round "11"]
[White "HittingRookBottom"]
[Black "emiliochess"]
[Result "1/2-1/2"]
[WhiteElo "2017"]
[BlackElo "2267"]
[TimeControl "180+1"]
[EndTime "10:02:21 PST"]
[Termination "Game drawn by agreement"]

1. e4 c5 2. Nf3 d6 3. Bc4 Nf6 4. d3 Nc6 5. O-O g6 6. h3 Bg7 7. Re1 O-O 8. c3 a6 9. Bg5 b5 10. Bxf6 Bxf6 11. Bd5 Bb7 12. Nbd2 e6 13. Bxc6 Bxc6 14.
Nf1 a5 15. Ng3 a4 16. Qc2 b4 17. cxb4 a3 18. bxc5 axb2 19. Rab1 Rxa2 20. cxd6 Qb6 21. e5 Bg7 22. Ne2 Bxf3 23. gxf3 Bxe5 24. Nc3 Bxc3 25. Qxc3 Qxd6 26. Re2 Rb8 27. Rbxb2 Raxb2 28. Rxb2 Rxb2 29. Qxb2 Qxd3 30. Qb8+ Kg7 31. Qe5+ Kh6 32. Qf4+ g5 33. Qxf7 Qf5 34. Qxf5 exf5 35. Kg2 Kg6 36. Kg3 Kf6 37. f4 h6 38. fxg5+ hxg5 39. f4 Kg6 1/2-1/2

[Event "Early-Titled-Tuesday-Blitz-February-06-2024"]
[Site "Chess.com"]
[Date "2024.02.06"]
[Round "11"]
[White "Alexchess1984"]
[Black "DarZay"]
[Result "1-0"]
[WhiteElo "2640"]
[BlackElo "2298"]
[TimeControl "180+1"]
[EndTime "10:02:34 PST"]
[Termination "Alexchess1984 won by resignation"]

1. e4 c5 2. Nf3 Nc6 3. Bb5 g6 4. Bxc6 dxc6 5. O-O Bg7 6. Nc3 e5 7. h3 Qd6 8. d3 Nf6 9. Re1 O-O 10. b3 Re8 11. a4 b6 12. Nd2 Nd7 13. Nc4 Qc7 14. Be3 Nf8 15. Qd2 Ne6 16. Bh6 Nd4 17. Bxg7 Kxg7 18. Ne3 Be6 19. Rac1 Qe7 20. Ne2 Qh4 21. Nxd4 cxd4 22. Nf1 f5 23. exf5 Bxf5 24. Ng3 Rad8 25. Re2 Kf6 26. Rce1 Qf4 27. Qxf4 exf4 28. Rxe8 1-0

[Event "Early-Titled-Tuesday-Blitz-February-06-2024"]
[Site "Chess.com"]
[Date "2024.02.06"]
[Round "11"]
[White "traviscottofficial"]
[Black "NastyaHn"]
[Result "1-0"]
[WhiteElo "2677"]
[BlackElo "2365"]
[TimeControl "180+1"]
[EndTime "10:02:51 PST"]
[Termination "traviscottofficial won by resignation"]

1. Na3 d5 2. c3 e5 3. Nc2 Nf6 4. d4 e4 5. Bf4 Bd6 6. Bxd6 Qxd6 7. e3 O-O 8. c4 c6 9. Rc1 Be6 10. Qd2 Nfd7 11. Qb4 Qxb4+ 12. Nxb4 a5 13. cxd5 cxd5 14. Nc2 Rc8 15. Kd2 Na6 16. Bb5 Nb6 17. Bxa6 Rxa6 18.
b3 a4 19. Nb4 Raa8 20. Rxc8+ Rxc8 21. Ne2 axb3 22. axb3 Kf8 23. Nc3 Ke7 24. Ra1 Kd6 25. Nb5+ Kd7 26. Ra7 Ke7 27. Rxb7+ Nd7 28. Nc7 Kd6 29.
Ncxd5 Bxd5 30. Nxd5 Kc6 31. Rxd7 Kxd7 32. Nb6+ 1-0

[Event "Early-Titled-Tuesday-Blitz-February-06-2024"]
[Site "Chess.com"]
[Date "2024.02.06"]
[Round "11"]
[White "MatthewG-p4p"]
[Black "GothamChess"]
[Result "1-0"]
[WhiteElo "2822"]
[BlackElo "2698"]
[TimeControl "180+1"]
[EndTime "10:02:54 PST"]
[Termination "MatthewG-p4p won by resignation"]

1. e4 e6 2. d4 d5 3. e5 Bd7 4. Nf3 a6 5. Be2 Bb5 6. Nc3 Bxe2 7. Nxe2 c5 8. c3 Nc6 9. O-O Nh6 10. Nf4 Nf5 11. dxc5 Bxc5 12. Nh5 O-O 13. b4 Be7 14. a3 Qc7 15. Bf4 Na7 16. g4 Nh4 17. Nxh4 Bxh4 18.
g5 Bxg5 19. Bxg5 Qxe5 20. Qg4 Kh8 21. Bf6 Qxf6 22. Nxf6 gxf6 1-0

[Event "Early-Titled-Tuesday-Blitz-February-06-2024"]
[Site "Chess.com"]
[Date "2024.02.06"]
[Round "11"]
[White "BogdanDeac"]
[Black "Maitreia"]
[Result "1-0"]
[WhiteElo "3005"]
[BlackElo "2755"]
[TimeControl "180+1"]
[EndTime "10:03:00 PST"]
[Termination "BogdanDeac won by resignation"]

1. b3 Nf6 2. Bb2 g6 3. Nf3 Bg7 4. g3 O-O 5. Bg2 c5 6. c4 Nc6 7.
O-O d6 8. d4 cxd4 9. Nxd4 Nxd4 10. Qxd4 Qa5 11. Nc3 Be6 12. Bxb7 Rab8 13. Bg2 Nd5 14.
Nxd5 Bxd4 15. Nxe7+ Kg7 16. Bxd4+ f6 17. Nc6 Qd2 18.
Rfd1 Qxe2 19. Re1 Qg4 20. h3 Qf5 21. g4 Qd3 22. Rxe6 Rbc8 23. Re3 Qc2 24. Nb4 Qd2 25.
Bc3 1-0

[Event "Early-Titled-Tuesday-Blitz-February-06-2024"]
[Site "Chess.com"]
[Date "2024.02.06"]
[Round "11"]
[White "ScofieldMichael01"]
[Black "bogcsab"]
[Result "1-0"]
[WhiteElo "2624"]
[BlackElo "2498"]
[TimeControl "180+1"]
[EndTime "10:03:06 PST"]
[Termination "ScofieldMichael01 won by checkmate"]

1. d4 Nf6 2. Nf3 g6 3. b3 Bg7 4.
Bb2 O-O 5. g3 d6 6. Bg2 Nbd7 7.
O-O Qe8 8. c4 e5 9. Nc3 c6 10.
e4 Qe7 11. Qc2 Ne8 12. Rad1 f5 13. exf5 gxf5 14. dxe5 dxe5 15. Rfe1 Kh8 16. Nh4 Qg5 17. Ne2 e4 18. Nf4 Ne5 19. Bc3 Nc7 20. Qb2 Qe7 21. Bxe5 Kg8 22. Bxg7 Qxg7 23. Qxg7+ Kxg7 24. f3 Ne6 25. Nxe6+ Bxe6 26. fxe4 f4 27. Nf5+ Kf6 28. gxf4 Rg8 29. Ng3 Rg4 30. e5+ Ke7 31. f5 Bf7 32. f6+ Ke6 33. Bh3 Rg8 34. Bxg4+ Rxg4 35. Rd6# 1-0

[Event "Early-Titled-Tuesday-Blitz-February-06-2024"]
[Site "Chess.com"]
[Date "2024.02.06"]
[Round "11"]
[White "Felix-Rose"]
[Black "Ati1517"]
[Result "1-0"]
[WhiteElo "2380"]
[BlackElo "2257"]
[TimeControl "180+1"]
[EndTime "10:03:11 PST"]
[Termination "Felix-Rose won by resignation"]

1. e4 c5 2. Nf3 d6 3. d4 cxd4 4. Nxd4 Nf6 5. Nc3 a6 6. Be3 e6 7. f3 Be7 8. Qd2 O-O 9. O-O-O b5 10. g4 Bd7 11. g5 Ne8 12. h4 Nc6 13. Nxc6 Bxc6 14.
h5 b4 15. Ne2 Qa5 16. Kb1 d5 17. Nd4 Bb5 18. g6 Bxf1 19. Rdxf1 dxe4 20. h6 fxg6 21. hxg7 Nxg7 22. Qh2 Nh5 23. Nc6 Qc7 24. Qxc7 1-0

[Event "Early-Titled-Tuesday-Blitz-February-06-2024"]
[Site "Chess.com"]
[Date "2024.02.06"]
[Round "11"]
[White "Der_Balak_3Halak"]
[Black "bylavochka"]
[Result "1-0"]
[WhiteElo "2515"]
[BlackElo "2334"]
[TimeControl "180+1"]
[EndTime "10:03:17 PST"]
[Termination "Der_Balak_3Halak won by checkmate"]

1. e4 c6 2. Nf3 d6 3. d4 g6 4. Bc4 Bg7 5. c3 Nd7 6. Be3 a5 7. Nbd2 b5 8. Bxf7+ Kxf7 9. Ng5+ Ke8 10. Ne6 Qb6 11. d5 Qb7 12. Nxg7+ Kf7 13. Ne6 cxd5 14. Nd8+ Ke8 15. Nxb7 Bxb7 16. exd5 Bxd5 17. Nf3 Ngf6 18. O-O Rf8 19. Bh6 Rf7 20. Ng5 Rc8 21. Re1 Rc4 22. f3 Ne5 23. Qe2 Nh5 24. Nxf7 Kxf7 25. f4 Nc6 26. Rad1 e6 27. Rxd5 exd5 28. Qe8+ Kf6 29. Qe6# 1-0

[Event "Early-Titled-Tuesday-Blitz-February-06-2024"]
[Site "Chess.com"]
[Date "2024.02.06"]
[Round "11"]
[White "Alex_Sahakyan2006"]
[Black "GHANDEEVAM2003"]
[Result "0-1"]
[WhiteElo "2900"]
[BlackElo "3037"]
[TimeControl "180+1"]
[EndTime "10:03:19 PST"]
[Termination "GHANDEEVAM2003 won by resignation"]

1. e4 d6 2. d4 g6 3. Nc3 Bg7 4. h4 Nc6 5. d5 Ne5 6. h5 gxh5 7. Qxh5 Nf6 8. Qd1 c6 9. Be2 Qa5 10. Bd2 Qb6 11. Nf3 Nfg4 12. O-O Rg8 13. Na4 Qd8 14. Nxe5 Bxe5 15. Bxg4 Bxg4 16. Qc1 Bf3 17. g3 e6 0-1

[Event "Early-Titled-Tuesday-Blitz-February-06-2024"]
[Site "Chess.com"]
[Date "2024.02.06"]
[Round "11"]
[White "HelvertHernandez"]
[Black "alvarorodriguezavila"]
[Result "0-1"]
[WhiteElo "1958"]
[BlackElo "2372"]
[TimeControl "180+1"]
[EndTime "10:03:19 PST"]
[Termination "alvarorodriguezavila won by resignation"]

1. e4 d5 2. exd5 c6 3. dxc6 Nxc6 4. Nf3 e5 5. Bb5 e4 6. Ne5 Qd5 7. Nxc6 Qxb5 8. Nd4 Qd5 9. c3 Bc5 10. Nb3 Bb6 11. Qe2 Nf6 12. O-O O-O 13. Rd1 Bg4 14.
Qf1 Bxd1 15. Qxd1 Ng4 16. Qxg4 f5 17. Qe2 Rae8 18. d4 exd3 19. Qf1 f4 20. N1d2 Re2 21.
c4 Qh5 22. Kh1 Rxf2 23. Qxd3 Rd8 24. Qh3 Qd1+ 0-1

[Event "Early-Titled-Tuesday-Blitz-February-06-2024"]
[Site "Chess.com"]
[Date "2024.02.06"]
[Round "11"]
[White "NowInChess"]
[Black "Muslim_player_05"]
[Result "0-1"]
[WhiteElo "2346"]
[BlackElo "2488"]
[TimeControl "180+1"]
[EndTime "10:03:22 PST"]
[Termination "Muslim_player_05 won by resignation"]

1. e4 e5 2. Nf3 Nc6 3. d4 exd4 4. Bc4 Nf6 5. e5 d5 6. Bb5 Ne4 7. Nxd4 Bd7 8. Bxc6 bxc6 9. O-O Bc5 10. f3 Ng5 11. f4 Ne4 12. Be3 Bb6 13. Nd2 c5 14. N4b3 Nxd2 15. Qxd2 d4 16. Bf2 Bc6 17. f5 Qd5 18.
Bg3 c4 19. Nc1 d3+ 20. Kh1 Be3 21. Rf2 Bxd2 22. Rxd2 O-O 23. cxd3 cxd3 24. Nxd3 Rad8 25. Rad1 Bb5 26. Nf4 Qxd2 0-1

[Event "Early-Titled-Tuesday-Blitz-February-06-2024"]
[Site "Chess.com"]
[Date "2024.02.06"]
[Round "11"]
[White "amanjazu"]
[Black "FREDERICKtheMATE"]
[Result "1-0"]
[WhiteElo "2497"]
[BlackElo "2652"]
[TimeControl "180+1"]
[EndTime "10:03:25 PST"]
[Termination "amanjazu won by resignation"]

1. g3 d5 2. Bg2 c6 3. f4 e6 4. Nf3 Nf6 5. O-O Bd6 6. d3 Nbd7 7.
Nc3 O-O 8. e4 e5 9. f5 d4 10.
Ne2 Ne8 11. g4 Nc7 12. Ng3 c5 13. g5 b5 14. h4 f6 15. Nh2 Be7 16. Qh5 Qe8 17. g6 h6 18. Ng4 Bd6 19. Bxh6 gxh6 20. Qxh6 Qe7 21. h5 Rd8 22. Qd2 c4 23. h6 Nc5 24. Nh5 Ne8 25. h7+ Kh8 26. Nh6 Ng7 27. Nf7+ Qxf7 28. gxf7 Nxh5 29. Qh6 Ng7 30. Qxf6 Bb7 31.
Rf3 Bf8 32. Rg3 Nd7 33. Qg6 Rac8 34. f6 Nxf6 35. Qxf6 cxd3 36. cxd3 Rd6 37. Qxe5 Re6 38. Qxb5 Ba6 39. Qd5 Rd6 40. Qe5 Re6 41. Qa5 Rc2 42. Bh3 Rh6 43. Qd8 1-0

[Event "Early-Titled-Tuesday-Blitz-February-06-2024"]
[Site "Chess.com"]
[Date "2024.02.06"]
[Round "11"]
[White "tetrix83"]
[Black "Alen_Yeremyann"]
[Result "0-1"]
[WhiteElo "2583"]
[BlackElo "2724"]
[TimeControl "180+1"]
[EndTime "10:03:26 PST"]
[Termination "Alen_Yeremyann won by resignation"]

1. e4 Nf6 2. e5 Nd5 3. d4 d6 4. c4 Nb6 5. exd6 cxd6 6. Nc3 g6 7. Be3 Bg7 8. Rc1 O-O 9. b3 Bf5 10. Be2 d5 11. c5 Nc8 12. Nf3 Bg4 13. O-O Bxf3 14.
Bxf3 e6 15. Bf4 Nc6 16. Ne2 N8e7 17. Bd6 Re8 18. g4 Nc8 19. Bg3 a5 20. Qd2 N8a7 21.
a4 Nb4 22. Rfd1 Nac6 23. Bd6 Qf6 24. Qe3 e5 25. dxe5 Nxe5 26. Bxe5 Rxe5 27. Qf4 Qxf4 28.
Nxf4 Bh6 29. Nxd5 Nxd5 30. Bxd5 Rxd5 31. Rxd5 Bxc1 32. Rd7 Ba3 0-1

[Event "Early-Titled-Tuesday-Blitz-February-06-2024"]
[Site "Chess.com"]
[Date "2024.02.06"]
[Round "11"]
[White "maciek_92"]
[Black "Huragan007"]
[Result "1-0"]
[WhiteElo "2792"]
[BlackElo "2607"]
[TimeControl "180+1"]
[EndTime "10:03:36 PST"]
[Termination "maciek_92 won by checkmate"]

1. c4 Nf6 2. Nc3 g6 3. g3 Bg7 4. Bg2 d6 5. e3 e5 6. Nge2 O-O 7. d4 Nbd7 8. O-O c6 9. h3 Qe7 10. b3 h5 11. a4 a5 12. Ba3 Ne8 13. dxe5 Bxe5 14.
Rc1 Nc5 15. Nd4 Nc7 16. Re1 N7e6 17. f4 Bg7 18. Kh2 Bd7 19. Nde2 f5 20. e4 fxe4 21. Nxe4 Nxe4 22. Bxe4 c5 23. Bxg6 h4 24. f5 Ng5 25. Nf4 Qf6 26. Qh5 hxg3+ 27. Kxg3 Be8 28. h4 Bxg6 29. Nxg6 Qxf5 30. Ne7# 1-0

[Event "Early-Titled-Tuesday-Blitz-February-06-2024"]
[Site "Chess.com"]
[Date "2024.02.06"]
[Round "11"]
[White "Talent-OF-Slovenia"]
[Black "wild3000"]
[Result "1-0"]
[WhiteElo "2451"]
[BlackElo "2349"]
[TimeControl "180+1"]
[EndTime "10:03:38 PST"]
[Termination "Talent-OF-Slovenia won by resignation"]

1. e4 a5 2. d4 a4 3. Bd3 e6 4.
Nf3 c6 5. O-O d5 6. Nbd2 Nf6 7. e5 Nfd7 8. c3 b6 9. Re1 Be7 10. Nf1 a3 11. b3 Bb7 12. Ng3 c5 13. Nh5 g6 14. Ng7+ Kf8 15. Bh6 Kg8 16. Qd2 Nc6 17. Ng5 Nf8 18. Qf4 Bxg5 19. Bxg5 Kxg7 20.
Bf6+ Qxf6 21. exf6+ Kg8 22. Qh6 1-0

[Event "Early-Titled-Tuesday-Blitz-February-06-2024"]
[Site "Chess.com"]
[Date "2024.02.06"]
[Round "11"]
[White "Cheer_Down"]
[Black "Kotofeyca"]
[Result "0-1"]
[WhiteElo "2508"]
[BlackElo "2447"]
[TimeControl "180+1"]
[EndTime "10:03:39 PST"]
[Termination "Kotofeyca won by resignation"]

1. e4 c5 2. Nf3 d6 3. d4 cxd4 4. Nxd4 Nf6 5. Nc3 a6 6. Rg1 b5 7. g4 Bb7 8. g5 Nxe4 9. Nxe4 Bxe4 10. a4 e5 11. Qe2 d5 12. Nb3 bxa4 13. Rxa4 Bd6 14.
Nd2 Bxc2 15. b3 O-O 16. Bg2 e4 0-1

[Event "Early-Titled-Tuesday-Blitz-February-06-2024"]
[Site "Chess.com"]
[Date "2024.02.06"]
[Round "11"]
[White "nikitadovbnya2008"]
[Black "PabloZarnicki"]
[Result "0-1"]
[WhiteElo "2327"]
[BlackElo "2644"]
[TimeControl "180+1"]
[EndTime "10:03:43 PST"]
[Termination "PabloZarnicki won by resignation"]

1. e4 e6 2. d3 d5 3. Nd2 Nc6 4. g3 dxe4 5. dxe4 e5 6. Bg2 Nf6 7. Ngf3 Bc5 8. O-O O-O 9. c3 a5 10. Nb3 Bb6 11. Qc2 Qe7 12. Bg5 h6 13. Bxf6 Qxf6 14. Rad1 Bg4 15. Rd3 a4 16. Nbd2 a3 17. b3 Rad8 18. Rxd8 Rxd8 19. h3 Be6 20. Rd1 g5 21.
Nf1 Bxh3 22. Rxd8+ Nxd8 23. Bxh3 Qxf3 24. Bf5 Nc6 25.
b4 Ne7 26. Bc8 Nxc8 27. Qa4 Qxf2+ 0-1